AoeStats
← 体制少妇白洁

African Clearing

504035601Analyzed
4v4 RM · 29d ago on Sep 3, 2026· 54m 2s· 8 players
Game mode
Random Map
Map size
Large (8 player)
Population
200
Speed
Normal
Resources
Standard
Victory
Conquest
Starting age
Dark Age
Ending age
Imperial Age
RankedLock teamsTeams togetherTeam positionsShared explorationLock speedFull tech treeHidden civsTurbo modeCheats
Victory
Defeat
🇵🇹 Vietnamese · Portugal
1465
+16
🇬🇧 Koreans · United Kingdom
1401
+19
🇦🇷 Burgundians · Argentina
1401
+19
🇭🇰 Persians · Hong Kong SAR China
1360
+21
🇭🇰 Tupi · Hong Kong SAR China
1553
-23
🇨🇳 Spanish · China
1466
-19
elchinaleikazo
4:42 Loom
13:07 Feudal Age
11:26 Double-Bit Axe
14:18 Bow Saw
14:07 Horse Collar
18:50 Town Watch
25:27 Wheelbarrow
28:43 Castle Age
26:54 Heavy Plow
27:54 Hand Cart
28:25 Gold Mining
29:03 Scale Barding Armor
30:24 Two-Man Saw
28:45 Cavalier
29:26 Husbandry
30:26 Chain Barding Armor
32:55 Forging
45:21 Imperial Age
45:24 Paladin
51:09 Plate Barding Armor
milopokerboy
5:10 Loom
18:29 Feudal Age
18:47 Man-at-Arms
33:10 Double-Bit Axe
33:16 Town Watch
33:55 Horse Collar
39:57 Castle Age
38:18 Gold Mining
39:28 Stone Mining
44:09 Fletching
45:54 Wheelbarrow
46:09 Bodkin Arrow
47:07 Gold Shaft Mining
50:30 Bow Saw
56:05 Imperial Age
54:03 Thumb Ring
Combi | Papin
4:23 Loom
13:05 Feudal Age
16:30 Fletching
20:40 Castle Age
19:20 Double-Bit Axe
21:23 Bodkin Arrow
23:31 Padded Archer Armor
25:26 Crossbowman
30:11 Bow Saw
32:29 Ballistics
33:41 Wheelbarrow
42:00 Imperial Age
41:21 Leather Archer Armor
41:54 Stone Mining
43:53 Chemistry
43:00 Elite Skirmisher
44:24 Arbalester
46:34 Thumb Ring
47:15 Bracer
46:48 Elite Skirmisher
48:04 Hand Cart
47:39 Imperial Skirmisher
49:48 Ring Archer Armor
鬼見愁
12:39 Feudal Age
16:23 Castle Age
15:17 Stone Mining
17:51 Fletching
21:14 Wheelbarrow
21:39 Loom
22:35 Double-Bit Axe
26:08 Bodkin Arrow
27:59 Hand Cart
28:18 Bow Saw
29:07 Scale Barding Armor
30:28 Horse Collar
32:00 Gold Mining
32:46 Stone Shaft Mining
32:54 Heavy Plow
34:07 Chain Barding Armor
34:13 Padded Archer Armor
34:50 Gold Shaft Mining
34:17 Crossbowman
36:05 Kamandaran
37:39 Padded Archer Armor
37:50 Forging
38:43 Leather Archer Armor
40:36 Ballistics
43:34 Imperial Age
43:12 Iron Casting
44:40 Plate Barding Armor
45:05 Blast Furnace
45:29 Chemistry
45:02 Ring Archer Armor
45:41 Elite War Elephant
48:05 Two-Man Saw
47:37 Crop Rotation
47:48 Conscription
48:39 Thumb Ring
48:52 Cavalier
49:43 Bloodlines
49:33 Husbandry
50:30 Savar
莲花去国一千年,雨后闻腥犹带铁
11:19 Loom
13:33 Feudal Age
15:18 Double-Bit Axe
15:46 Fletching
19:29 Padded Archer Armor
21:57 Wheelbarrow
28:29 Castle Age
28:15 Gold Mining
28:07 Horse Collar
29:21 Elite Skirmisher
34:57 Imperial Age
33:03 Ballistics
33:54 Leather Archer Armor
35:17 Crossbowman
41:11 Bodkin Arrow
44:19 Chemistry
54:02 Ring Archer Armor
夫国之有民,犹水之有舟,停则以安,扰则以危
7:38 Loom
17:13 Feudal Age
21:47 Castle Age
22:05 Double-Bit Axe
33:39 Scale Mail Armor
34:41 Town Watch
36:06 Horse Collar
42:04 Wheelbarrow
41:44 Bow Saw
46:11 Hand Cart
52:58 Imperial Age
53:24 Imperial Age
51:18 Scale Barding Armor
53:27 Bloodlines
53:58 Forging
体制少妇白洁
9:23 Loom
10:50 Loom
12:41 Feudal Age
16:45 Castle Age
16:57 Double-Bit Axe
17:35 Fletching
18:11 Bodkin Arrow
19:34 Padded Archer Armor
23:49 Ballistics
38:19 Town Watch
39:05 Bow Saw
40:49 Horse Collar
40:59 Gold Mining
42:51 Wheelbarrow
44:04 Hand Cart
47:45 Imperial Age
46:09 Leather Archer Armor
47:00 Scale Mail Armor
47:10 Forging
47:28 Champi Runner
48:09 Squires
48:25 Chain Mail Armor
48:28 Bracer
48:51 Conscription
49:10 Iron Casting
48:55 Heavy Plow
48:19 Champi Warrior
50:12 Chemistry
49:35 Caciques
50:03 Plate Mail Armor
50:11 Iron Casting
49:10 Elite Champi Warrior
cookie tin
6:17 Loom
14:12 Feudal Age
18:07 Castle Age
17:27 Double-Bit Axe
22:39 Town Watch
27:56 Fletching
28:49 Padded Archer Armor
31:35 Wheelbarrow
31:46 Bodkin Arrow
32:28 Bloodlines
32:18 Husbandry
34:07 Husbandry
35:32 Horse Collar
35:50 Gold Mining
35:50 Stone Mining
36:49 Hand Cart
40:03 Imperial Age
39:38 Leather Archer Armor
40:49 Bracer
41:10 Herbal Medicine
42:04 Supremacy
42:58 Ballistics
44:24 Conscription
44:09 Elite Conquistador
45:18 Inquisition
48:13 Stone Shaft Mining
48:58 Chemistry
48:46 Town Patrol
49:27 Scale Mail Armor
49:37 Forging
50:09 Hoardings
49:47 Masonry
50:26 Chain Mail Armor
49:49 Light Cavalry
49:49 Cavalier
51:41 Scale Barding Armor
52:12 Architecture
51:32 Paladin
53:10 Chain Barding Armor
54:11 Iron Casting
Connection lost

Rejoining the realm…

Still unreachable

The connection could not be restored.

Session expired

The server has moved on; the page needs a fresh start.